 Dungeon Crawl Stone Soup version 0.30-a0-368-g86fb4627a9 (webtiles) character file.

Game seed: 6611960376574156910

905 Syfon the Trooper (level 7, -3/63 HPs)
             Began as a Minotaur Fighter on Nov 19, 2022.
             Was a Believer of Okawaru.
             Slain by Duvessa
             ... wielding a +0 rapier
              (8 damage)
             ... on level 4 of the Dungeon.
             The game lasted 00:08:21 (3319 turns).

Syfon the Trooper (Minotaur Fighter)                Turns: 3319, Time: 00:08:21

Health: -3/63      AC: 15    Str: 23    XL:     7   Next: 80%
Magic:  6/6        EV: 10    Int:  5    God:    Okawaru [**....]
Gold:   182        SH:  5    Dex:  9    Spells: 6/6 levels left

rFire   + . .      SeeInvis .    a - +1 war axe
rCold   . . .      Faith    .    c - +0 buckler
rNeg    . . .      Spirit   .    b - +2 scale mail
rPois   .          Reflect  .    (helmet restricted)
rElec   .          Harm     .    (no cloak)
rCorr   .          Rampage  .    (no gloves)
Will    .....                    k - +1 pair of boots
Stlth   ..........               (no amulet)
HPRegen 0.30/turn                j - +4 ring of protection
MPRegen 0.10/turn                o - ring of protection from fire

@: no status effects
A: horns 2, retaliatory headbutt
a: Renounce Religion, Heroism


You were on level 4 of the Dungeon.
You worshipped Okawaru.
Okawaru was pleased with you.
You visited 2 branches of the dungeon, and saw 5 of its levels.
You also visited: Sewer.

You collected 182 gold pieces.

Inventory:

Hand Weapons
 a - a +1 war axe (weapon)
Missiles
 m - a throwing net (quivered)
Armour
 b - a +2 scale mail (worn)
 c - a +0 buckler (worn)
 k - a +1 pair of boots (worn)
Jewellery
 j - a +4 ring of protection (left hand)
 o - a ring of protection from fire (right hand)
Potions
 d - 4 potions of haste
 e - 2 potions of curing
 f - a potion of might
 g - a potion of magic {unknown}
 h - a potion of heal wounds {unknown}
 i - 2 potions of brilliance {unknown}
 l - a potion of attraction {unknown}
 n - a potion of cancellation {unknown}
 p - a potion of berserk rage {unknown}
 q - a potion of flight {unknown}


   Skills:
 + Level 6.1 Fighting
 + Level 5.3 Axes
 + Level 5.9 Armour
 + Level 4.0 Dodging
 + Level 6.0 Shields


You had 6 spell levels left.
You didn't know any spells.
Your spell library contained the following spells:

 Spells                   Type           Power      Damage    Failure   Level
 Slow                     Hex            0%         N/A       85%         1
 Confusing Touch          Hex            0%         N/A       99%         3
 Inner Flame              Hex/Fire       0%         N/A       99%         3
 Vampiric Draining        Necr           0%         2d6       99%         3
 Flame Wave               Conj/Fire      0%         2d4       100%        4
 Sticky Flame             Conj/Fire      0%         2d3       100%        4


Dungeon Overview and Level Annotations

Branches:
Dungeon (4/15)             Temple (1/1) D:4           Sewer (visited)

Altars:
Ashenzari
Cheibriados
Dithmenos
Elyvilon
Fedhas
Gozag
Hepliaklqana
Kikubaaqudgha
Okawaru
Qazlal
Ru
Sif Muna
Trog
Uskayaw
Vehumet
Wu Jian
Yredelemnul
Zin
The Shining One

Annotations:
D:4 Duvessa
Temple 2 transporters


Innate Abilities, Weirdness & Mutations

You have a pair of horns on your head.
You reflexively headbutt those who attack you in melee.


Message History

The puff of frost hits you.
You hit Dowan. Your headbutt misses Dowan.
Dowan is moderately wounded.
You barely miss Duvessa. You block Duvessa's attack.
Dowan hits you with a +0 dagger.
You slash Dowan!
Dowan is almost dead.
You hit Duvessa but do no damage. Duvessa hits you but does no damage.
Dowan misses you.
You slash Dowan!
You kill Dowan!
Okawaru accepts your kill.
Duvessa weeps, and shakes her weapon.
Duvessa goes berserk!
You closely miss Duvessa. Duvessa closely misses you.
Duvessa hits you with a +0 rapier!
Your Dodging skill increases to level 4!
Your Shields skill increases to level 6!
You barely miss Duvessa.
Duvessa is lightly wounded.
Duvessa hits you but does no damage. You block Duvessa's attack.
You closely miss Duvessa.
Duvessa is lightly wounded.
Duvessa closely misses you. Duvessa hits you but does no damage.
You hit Duvessa.
Duvessa is lightly wounded.
Duvessa hits you with a +0 rapier. Duvessa hits you with a +0 rapier!
You slash Duvessa!
Duvessa is moderately wounded.
Duvessa hits you with a +0 rapier. x2
* * * LOW HITPOINT WARNING * * *
You barely miss Duvessa.
Duvessa is moderately wounded.
Duvessa hits you with a +0 rapier!
* * * LOW HITPOINT WARNING * * *
Duvessa hits you with a +0 rapier.
* * * LOW HITPOINT WARNING * * *
You slash Duvessa! Your headbutt misses Duvessa.
Duvessa is severely wounded.
Duvessa hits you with a +0 rapier!
You die...

.......# #...~....~
.......#####....~~...
.......#.........~~..
##
.....###......###~~~~
.. ........?....#####
.. ##.#.###.....###.#
.. #.#.# #.........#
.≈ ..#.# #....####.#
#.≈≈ ...#.# ######
#@# ##.≈≈ .. #.?
#..e)...# #..≈≈ . ##.
#.......# #..≈≈
#.......# #...≈
.(......# #....
########## #....
##.... ##..#<.
#....÷.


You could see Duvessa (berserk).

Vanquished Creatures
  Sigmund (D:4)
  6 kobold brigands (Sewer)
  A necrophage (D:4)
  Dowan (D:4)
  A hound (D:4)
  Terence (D:2)
  5 adders
  3 gnolls (D:2)
  4 worms
  A dart slug (D:2)
  An orc (D:2)
  2 endoplasms (Sewer)
  6 giant cockroaches
  9 goblins
  3 hobgoblins
  3 quokkas
  9 ball pythons
  6 bats
  A frilled lizard (D:2)
  12 kobolds
  17 rats
93 creatures vanquished.

Notes
Turn   | Place    | Note
-------+----------+-------------------------------------------
     0 | D:1      | Syfon the Minotaur Fighter began the quest for the Orb.
     0 | D:1      | Reached XP level 1. HP: 19/19 MP: 0/0
   211 | D:1      | Reached XP level 2. HP: 27/27 MP: 1/1
   892 | D:2      | Reached skill level 1 in Dodging
   985 | D:2      | Noticed Terence
   998 | D:2      | Killed Terence
   999 | D:2      | Reached XP level 3. HP: 11/33 MP: 2/2
  1300 | D:2      | Reached XP level 4. HP: 15/40 MP: 3/3
  1831 | D:3      | Found a hide-covered altar of Uskayaw.
  1831 | D:3      | Found a glowing silver altar of Zin.
  2012 | D:4      | Found a glowing drain.
  2012 | D:4      | Found a staircase to the Ecumenical Temple.
  2050 | Temple   | Entered the Ecumenical Temple
  2050 | Temple   | Found a transporter.
  2050 | Temple   | Found a transporter.
  2052 | Temple   | Found a transporter.
  2052 | Temple   | Found a transporter.
  2077 | Temple   | Became a worshipper of Warmaster Okawaru
  2120 | Sewer    | Entered a sewer
  2164 | Sewer    | Reached XP level 5. HP: 47/47 MP: 4/4
  2440 | Sewer    | Reached * piety under Okawaru
  2441 | Sewer    | Reached skill level 5 in Fighting
  2441 | Sewer    | Reached XP level 6. HP: 43/56 MP: 5/5
  2540 | Sewer    | Reached skill level 5 in Armour
  2540 | Sewer    | Reached skill level 5 in Shields
  2778 | Sewer    | Reached XP level 7. HP: 55/61 MP: 6/6
  2820 | Sewer    | Reached ** piety under Okawaru
  3137 | D:4      | Noticed Sigmund
  3175 | D:4      | Killed Sigmund
  3176 | D:4      | Reached skill level 5 in Axes
  3307 | D:4      | Noticed Duvessa
  3309 | D:4      | Noticed Dowan
  3313 | D:4      | Killed Dowan
  3319 | D:4      | Slain by Duvessa

Illustrated notes

Levels and vault maps discovered:
D:1:      spicycebolla_arrival_risky_transporter, layout_loops_corners
D:2:      layout_rooms, uniq_terence
D:3:      layout_rooms, gammafunk_temple_overflow_elements, item_on_display_a
D:4:      cheibrodos_helix_gallery, layout_basic, temple_pool_b,
          portal_sewer_entry_b, uniq_eustachio, uniq_blork_the_orc,
          uniq_sigmund, uniq_duvessa
Temple:   hellmonk_temple_divided_pantheon

Skill      XL: |  1  2  3  4  5  6  7 |
---------------+----------------------+-----
Dodging        | 1 2 3 4 |  4.0
Fighting       | 4 5 6 |  6.1
Axes           | 3 4 5 |  5.3
Armour         | 4 5 |  5.9
Shields        | 4 5 6 |  6.0

Action                   |  1- 3 |  4- 6 |  7- 9 || total
-------------------------+-------+-------+-------++-------
Melee: War axe           |    50 |   127 |    72 ||   249
       Headbutt          |    11 |    15 |     6 ||    32
  Use: Potion            |     2 |       |       ||     2
       Scroll            |     4 |     3 |     2 ||     9
Armor: Scale mail        |    21 |    66 |    43 ||   130
Dodge: Dodged            |    30 |    63 |    30 ||   123
Block: Buckler           |    12 |    29 |    16 ||    57

Table legend: (Time is in decaauts)
 A = Elapsed time spent in this place.
 B = Non-inter-level travel time spent in this place.
 C = Inter-level travel time spent in this place.
 D = Time resting spent in this place.
 E = Time spent auto-exploring this place.
 F = Levels seen in this place.
 G = Mean time per level.
                   A        B        C        D        E       F      G
               +--------+--------+--------+--------+--------+-----+--------+
         Total |   3549 |   3460 |     89 |      0 |   2618 |   6 |  591.5 |
       Dungeon |   2539 |   2450 |     89 |      0 |   1940 |   4 |  634.8 |
        Temple |     48 |     48 |      0 |      0 |      0 |   1 |   48.0 |
         Sewer |    961 |    961 |      0 |      0 |    678 |   1 |  961.0 |
               +--------+--------+--------+--------+--------+-----+--------+

Top non-repeatable levels by time:
   Sewer: 961 daAuts
     D:1: 829 daAuts
     D:2: 762 daAuts
     D:4: 498 daAuts
     D:3: 449 daAuts
  Temple: 48 daAuts
